 Dungeon Crawl Stone Soup version 0.30-a0-782-ge64f9170bb (webtiles) character file.

Game seed: 7628703999768699710

402 Azzok the Skirmisher (level 6, 0/51 HPs)
             Began as a Gnoll Hunter on Feb 18, 2023.
             Slain by an orc priest
             ... wielding a +0 whip
              (3 damage)
             ... on level 5 of the Dungeon.
             The game lasted 00:04:28 (2636 turns).

Azzok the Skirmisher (Gnoll Hunter)                 Turns: 2636, Time: 00:04:28

Health: 0/51       AC:  4    Str: 13    XL:     6   Next: 85%
Magic:  9/9        EV: 18    Int:  8    God:
Gold:   155        SH:  0    Dex: 15    Spells: 9/9 levels left

rFire   . . .      SeeInvis .    a - +0 shortbow
rCold   . . .      Faith    .    (shield currently unavailable)
rNeg    . . .      Spirit   .    c - +0 leather armour
rPois   .          Reflect  .    (no helmet)
rElec   .          Harm     .    (no cloak)
rCorr   .          Rampage  .    n - +0 pair of gloves
Will    .....                    (no boots)
Stlth   ++                       (no amulet)
HPRegen 0.28/turn                q - +5 ring of evasion
MPRegen 0.11/turn                (no ring)

@: no status effects
A: fangs 1, strong nose, distributed training
a: no special abilities


You were on level 5 of the Dungeon.
You visited 1 branch of the dungeon, and saw 5 of its levels.

You collected 155 gold pieces.

Inventory:

Hand Weapons
 a - a +0 shortbow (weapon)
Armour
 c - a +0 leather armour (worn)
 j - a +0 ring mail
 n - a +0 pair of gloves (worn)
Jewellery
 h - a ring of wizardry
 q - a +5 ring of evasion (left hand)
Wands
 r - a wand of iceblast (4)
 v - a wand of digging (1)
Scrolls
 b - a scroll of immolation
 d - 4 scrolls of identify {unknown}
 f - a scroll of magic mapping {unknown}
 l - 3 scrolls of fog {unknown}
 m - a scroll of enchant armour {unknown}
 o - a scroll of fear {unknown}
 t - a scroll of noise {unknown}
 u - a scroll of vulnerability {unknown}
Potions
 e - 4 potions of curing {unknown}
 g - 2 potions of degeneration {unknown}
 i - 3 potions of ambrosia {unknown}
 k - 3 potions of haste {unknown}
 p - 3 potions of heal wounds {unknown}
 s - a potion of lignification {unknown}


   Skills:
 + Level 5.1 Fighting
 + Level 2.2 Short Blades
 + Level 2.2 Long Blades
 + Level 2.2 Axes
 + Level 2.2 Maces & Flails
 + Level 2.2 Polearms
 + Level 2.2 Staves
 + Level 8.8 Ranged Weapons
 + Level 2.2 Throwing
 + Level 2.2 Armour
 + Level 5.1 Dodging
 + Level 3.2 Stealth
 + Level 2.2 Shields
 + Level 2.2 Unarmed Combat
 + Level 2.2 Spellcasting
 + Level 1.8 Conjurations
 + Level 1.8 Hexes
 + Level 1.8 Summonings
 + Level 1.8 Necromancy
 + Level 1.8 Translocations
 + Level 1.8 Transmutations
 + Level 1.8 Fire Magic
 + Level 1.8 Ice Magic
 + Level 1.8 Air Magic
 + Level 1.8 Earth Magic
 + Level 1.8 Poison Magic
 + Level 2.4 Invocations
 + Level 2.2 Evocations


You had 9 spell levels left.
You didn't know any spells.
Your spell library contained the following spells:

 Spells                   Type           Power      Damage    Failure   Level
 Cigotuvi's Dreadful Rot  Necr/Pois/Air  6%         N/A       32%         2
 Poisonous Vapours        Pois/Air       6%         N/A       32%         2
 Hailstorm                Conj/Ice       3%         3d3       54%         3
 Mephitic Cloud           Conj/Pois/Air  3%         N/A       54%         3
 Ice Form                 Ice/Tmut       3%         N/A       91%         4
 Simulacrum               Ice/Necr       1%         N/A       100%        6


Dungeon Overview and Level Annotations

Branches:
Dungeon (5/15)
 Temple: D:4-7

Altars:
Dithmenos
Fedhas
Gozag
Hepliaklqana
Makhleb
Trog
Uskayaw
Zin


Innate Abilities, Weirdness & Mutations

You have very sharp teeth.
Your uncanny sense of smell can sniff out nearby items.
Your experience applies equally to all skills.


Message History

You see here a hound corpse.
You shoot an arrow. The arrow hits the orc priest.
The orc priest is moderately wounded.
The orc priest miscasts a cantrip.
You shoot an arrow. The arrow hits the orc priest.
The orc priest is heavily wounded.
The orc priest misses you.
An orc comes into view. It is wielding a +0 trident.
You shoot an arrow. The arrow hits the orc priest.
The orc priest is heavily wounded.
The orc priest invokes the aid of Beogh against you.
Pain shoots through your body!
You shoot an arrow. The arrow barely misses the orc priest.
The arrow hits the orc wizard.
The orc wizard is heavily wounded.
The orc priest mumbles some strange prayers to Beogh against you.
Beogh smites you! The orc misses you.
You shoot an arrow.
The arrow closely misses the orc priest.
The arrow hits the orc wizard.
The orc wizard is severely wounded.
The orc priest calls down the wrath of Beogh upon you.
Beogh smites you!
* * * LOW HITPOINT WARNING * * *
The orc hits you but does no damage.
You shoot an arrow. The arrow barely misses the orc priest.
The arrow hits the orc wizard!
You kill the orc wizard!
The orc closely misses you. The orc priest hits you with a +0 whip.
* * * LOW HITPOINT WARNING * * *
You shoot an arrow.
The arrow hits the orc priest but does no damage.
The orc priest is heavily wounded.
The orc priest hits you with a +0 whip.
* * * LOW HITPOINT WARNING * * *
The orc misses you.
You shoot an arrow. The arrow barely misses the orc priest.
The arrow hits the orc but does no damage.
The orc priest hits you with a +0 whip.
You die...

▒·▒ ▒·▒ ▒·▒
▒·▒ ▒▒·▒
▒··▒ ▒·▒▒
▒·▒ ▒@▒
▒o▒▒ ▒▒
▒oo▒▒···▒▒
▒····o[···
▒···▒▒·▒▒··
▒··▒·· ▒
▒··▒▒·· ▒··
··_ ▒··
·$··


You could see an orc priest and 2 orcs.

Vanquished Creatures
  A phantom (D:4)
  A scorpion (D:2)
  A jelly (D:4)
  3 hounds (D:5)
  Jessica (D:3)
  An orc wizard (D:5)
  2 adders
  A gnoll (D:4)
  A white imp (D:5)
  A worm (D:3)
  2 orcs
  6 ball pythons
  8 endoplasms
  6 giant cockroaches
  2 goblins
  5 hobgoblins
  3 jackals (D:1)
  4 kobolds
  2 quokkas (D:2)
  2 bats (D:2)
  3 frilled lizards
  3 rats
59 creatures vanquished.

Vanquished Creatures (others)
  A plant (D:4)
1 creature vanquished.

Grand Total: 60 creatures vanquished

Notes
Turn   | Place    | Note
-------+----------+-------------------------------------------
     0 | D:1      | Azzok the Gnoll Hunter began the quest for the Orb.
     0 | D:1      | Reached XP level 1. HP: 20/20 MP: 1/1
   172 | D:1      | Reached XP level 2. HP: 26/26 MP: 2/2
   504 | D:1      | Reached XP level 3. HP: 29/31 MP: 3/3
   796 | D:2      | Reached skill level 1 in Invocations
   838 | D:2      | Noticed a scorpion
   845 | D:2      | Killed a scorpion
   846 | D:2      | Reached skill level 1 in Short Blades
   846 | D:2      | Reached skill level 1 in Long Blades
   846 | D:2      | Reached skill level 1 in Axes
   846 | D:2      | Reached skill level 1 in Maces & Flails
   846 | D:2      | Reached skill level 1 in Polearms
   846 | D:2      | Reached skill level 1 in Staves
   846 | D:2      | Reached skill level 1 in Throwing
   846 | D:2      | Reached skill level 1 in Armour
   846 | D:2      | Reached skill level 1 in Shields
   846 | D:2      | Reached skill level 1 in Unarmed Combat
   846 | D:2      | Reached skill level 1 in Spellcasting
   846 | D:2      | Reached skill level 1 in Conjurations
   846 | D:2      | Reached skill level 1 in Hexes
   846 | D:2      | Reached skill level 1 in Summonings
   846 | D:2      | Reached skill level 1 in Necromancy
   846 | D:2      | Reached skill level 1 in Translocations
   846 | D:2      | Reached skill level 1 in Transmutations
   846 | D:2      | Reached skill level 1 in Fire Magic
   846 | D:2      | Reached skill level 1 in Ice Magic
   846 | D:2      | Reached skill level 1 in Air Magic
   846 | D:2      | Reached skill level 1 in Earth Magic
   846 | D:2      | Reached skill level 1 in Poison Magic
   846 | D:2      | Reached skill level 1 in Evocations
   846 | D:2      | Reached XP level 4. HP: 29/38 MP: 5/5
  1618 | D:3      | Noticed Jessica
  1619 | D:3      | Killed Jessica
  1620 | D:3      | Reached XP level 5. HP: 43/43 MP: 5/7
  1668 | D:3      | Found a burning altar of Makhleb.
  1671 | D:3      | Found a hazy altar of Hepliaklqana.
  1936 | D:4      | Found a blossoming altar of Fedhas.
  1957 | D:4      | Noticed a phantom
  1970 | D:4      | Killed a phantom
  1971 | D:4      | Reached XP level 6. HP: 36/50 MP: 8/8
  2044 | D:4      | Found a shadowy altar of Dithmenos.
  2080 | D:4      | Reached skill level 5 in Fighting
  2080 | D:4      | Reached skill level 5 in Dodging
  2141 | D:4      | Found a glowing silver altar of Zin.
  2174 | D:4      | Found a hide-covered altar of Uskayaw.
  2332 | D:4      | Found an opulent altar of Gozag.
  2370 | D:5      | Entered Level 5 of the Dungeon
  2577 | D:5      | Found a bloodstained altar of Trog.
  2635 | D:5      | HP: 2/51 [orc priest/+0 whip (3)]
  2636 | D:5      | Slain by an orc priest

Illustrated notes

Levels and vault maps discovered:
D:1:      lightli_arrival_boilingwater, layout_rooms
D:2:      layout_basic
D:3:      layout_basic, nicolae_overflow_squiral, uniq_jessica
D:4:      layout_gridville, pdpol_temple_overflow_zin_treasury_gozag_greed,
          grunt_dithmenos_smoke, fedhas_altar_1, nicolae_uskayaw_suspiria
D:5:      layout_loops_ring, mainiacjoe_overflow_small_starburst,
          kennysheep_mini_moat

Skill      XL: |  1  2  3  4  5  6 |
---------------+-------------------+-----
Invocations    | 1 2 |  2.4
Short Blades   | 1 2 |  2.2
Long Blades    | 1 2 |  2.2
Axes           | 1 2 |  2.2
Maces & Flails | 1 2 |  2.2
Polearms       | 1 2 |  2.2
Staves         | 1 2 |  2.2
Throwing       | 1 2 |  2.2
Armour         | 1 2 |  2.2
Shields        | 1 2 |  2.2
Unarmed Combat | 1 2 |  2.2
Spellcasting   | 1 2 |  2.2
Conjurations   | 1 |  1.8
Hexes          | 1 |  1.8
Summonings     | 1 |  1.8
Necromancy     | 1 |  1.8
Translocations | 1 |  1.8
Transmutations | 1 |  1.8
Fire Magic     | 1 |  1.8
Ice Magic      | 1 |  1.8
Air Magic      | 1 |  1.8
Earth Magic    | 1 |  1.8
Poison Magic   | 1 |  1.8
Evocations     | 1 2 |  2.2
Stealth        | 3 |  3.2
Fighting       | 5 |  5.1
Dodging        | 5 |  5.1
Ranged Weapons | |  8.8

Action                     |  1- 3 |  4- 6 || total
---------------------------+-------+-------++-------
   Fire: Shortbow          |    68 |   114 ||   182
 Armour: Leather armour    |     6 |    11 ||    17
  Dodge: Dodged            |    17 |    53 ||    70

Table legend: (Time is in decaauts)
 A = Elapsed time spent in this place.
 B = Non-inter-level travel time spent in this place.
 C = Inter-level travel time spent in this place.
 D = Time resting spent in this place.
 E = Time spent auto-exploring this place.
 F = Levels seen in this place.
 G = Mean time per level.
                   A        B        C        D        E       F      G
               +--------+--------+--------+--------+--------+-----+--------+
         Total |   2657 |   2592 |     65 |    132 |   2068 |   5 |  531.4 |
       Dungeon |   2657 |   2592 |     65 |    132 |   2068 |   5 |  531.4 |
               +--------+--------+--------+--------+--------+-----+--------+

Top non-repeatable levels by time:
     D:2: 744 daAuts
     D:3: 642 daAuts
     D:4: 567 daAuts
     D:1: 541 daAuts
     D:5: 161 daAuts
